Map: New Gettysburg LE

Players

Cham - Winner!

  • Race: Zerg Zerg

vLDemonizer (Demonizer)

  • Race: Terran Terran

Event: WCS Copa Intercontinental

VOD

Have the link to the VOD?

Description

Time

  • Played on: Sept. 9, 2016, 2:25 p.m.
  • Length: 11:50

All games in this series

Show
View Real Time Build Order
Export as new Build Order

Cham Zerg - Winner!

Build Orders: Hatch First 

Get SALT Encoding   

  12  0:00  Drone  
  13  0:09  Drone  
  14  0:17  Overlord  
  14  0:35  Drone x3  
  17  0:52  Hatchery  
  17  0:55  Drone  
  17  0:59  Drone  
  18  1:09  Extractor  
  17  1:13  Spawning Pool  
  17  1:16  Drone  
  17  1:20  Drone  
  18  1:29  Drone  
  19  1:42  Overlord  
  19  1:54  Drone  
  20  2:00  Queen  
  22  2:02  Zergling x2  
  22  2:03  Queen  
  22  2:04  Zergling x2  
  26  2:08  Metabolic Boost  
  26  2:12  Zergling x2  
  27  2:16  Drone  
  28  2:23  Drone  
  28  2:27  Drone  
  30  2:36  Overlord  
  30  2:39  Drone  
  30  2:41  Queen  
  33  2:46  Drone  
  33  2:48  Pneumatized Carapace  
  34  2:54  Drone  
  34  2:55  Drone  
  34  2:57  Drone  
  37  3:06  Drone  
  37  3:08  Drone  
  39  3:15  Drone x4  
  39  3:17  Drone  
  44  3:20  Overlord  
  44  3:33  Hatchery  
  44  3:41  Drone x4  
  46  3:52  Evolution Chamber  
  46  3:53  Evolution Chamber  
  46  3:54  Overlord  
  45  3:55  Drone x2  
  45  3:56  Drone x3  
  45  3:59  Zergling x2  
  45  4:02  Overlord  
  50  4:12  Spore Crawler, Queen  
  50  4:13  Queen  
  53  4:17  Zergling x4  
  53  4:19  Zergling x2  
  53  4:22  Zergling x4  
  58  4:25  Zergling x4  
  58  4:27  Zergling x2  
  58  4:30  Zergling x2  
  62  4:32  Zergling x2  
  62  4:34  Zergling x2  
  62  4:38  Zerg Ground Armor Level 1  
  64  4:40  Zerg Melee Weapons Level 1  
  64  4:42  Zergling x2  
  65  4:46  Zergling x4  
  65  4:51  Drone x2  
  65  4:52  Drone  
  70  4:53  Drone  
  70  4:58  Roach Warren  
  70  5:00  Drone  
  70  5:03  Drone  
  70  5:06  Drone  
  73  5:07  Overlord x2  
  73  5:11  Overlord  
  73  5:14  Lair  
  73  5:15  Extractor  
  73  5:19  Drone  
  73  5:21  Overlord  
  73  5:24  Drone  
  73  5:26  Drone  
  73  5:28  Drone x4  
  79  5:30  Drone  
  79  5:33  Extractor  
  79  5:34  Drone x3  
  79  5:35  Extractor  
  81  5:39  Drone x2  
  83  5:50  Drone x5  
  83  5:55  Extractor, Overlord x2  
  83  5:56  Extractor  
  86  6:03  Drone x3  
  89  6:04  Drone  
  89  6:06  Overlord  
  89  6:09  Hatchery  
  89  6:10  Overlord  
  89  6:12  Glial Reconstitution  
  89  6:13  Roach x2  
  93  6:20  Overlord  
  93  6:21  Roach x3  
  93  6:23  Roach  
  102  6:25  Roach  
  102  6:28  Overlord  
  102  6:31  Roach x2  
  106  6:33  Roach  
  106  6:35  Roach  
  106  6:36  Roach  
  106  6:39  Roach  
  114  6:42  Ravager x3  
  114  6:45  Roach x2  
  121  6:50  Roach x2  
  121  6:51  Roach x2  
  127  6:59  Roach  
  127  7:00  Roach  
  128  7:03  Roach x2  
  128  7:06  Roach x2  
  121  7:09  Roach  
  121  7:12  Roach  
  92  7:39  Drone x2  
  92  7:40  Drone x7  
  92  7:42  Ravager x3  
  92  7:43  Roach x2  
  105  7:44  Infestation Pit  
  105  7:45  Roach x2  
  105  7:46  Ravager  
  105  7:47  Roach  
  111  7:56  Overseer  
  111  7:57  Zergling x6  
  109  7:58  Zergling x4  
  109  8:00  Queen  
  109  8:01  Zergling x2  
  109  8:05  Zergling x4  
  115  8:08  Ravager x2  
  115  8:09  Ravager  
  115  8:10  Roach  
  117  8:23  Roach x2  
  117  8:24  Roach  
  117  8:25  Roach  
  108  8:28  Ravager, Zergling x6  
  108  8:29  Zergling x4  
  108  8:32  Ravager x2  
  113  8:34  Drone x3  
  113  8:37  Drone  
  113  8:38  Drone x3  
  120  8:45  Hive  
  120  8:47  Drone x4  
  120  8:48  Drone x2  
  126  8:51  Overlord  
  126  8:52  Ravager  
  127  8:57  Zerg Ground Armor Level 2  
  127  9:08  Zerg Missile Weapons Level 1  
  127  9:13  Infestor  
  127  9:14  Zergling x2  
  127  9:15  Extractor x2, Zergling x2  
  127  9:16  Drone x2, Zergling x4  
  133  9:18  Zergling x2  
  133  9:19  Overlord x2  
  133  9:21  Roach  
  136  9:28  Overlord  
  136  9:29  Overlord x2  
  136  9:33  Spore Crawler  
  136  9:35  Overlord  
  136  9:36  Overlord  
  136  9:37  Drone, Overlord x2  
  136  9:40  Roach  
  138  9:47  Roach  
  138  9:49  Roach x2  
  138  9:50  Roach x2  
  138  9:51  Roach  
  150  9:56  Roach x3  
  141  10:01  Drone x2  
  143  10:07  Adrenal Glands  
  143  10:11  Ultralisk Cavern  
  143  10:12  Drone, Spire  
  143  10:13  Drone  
  143  10:22  Overlord  
  143  10:28  Roach x4  
  149  10:29  Roach  
  153  10:36  Roach x2  
  153  10:39  Roach x2  
  153  10:40  Roach  
  153  10:41  Roach x5  
  171  10:51  Roach  
  169  10:58  Roach x4  
  169  10:59  Roach  
Show
View Real Time Build Order
Export as new Build Order

vLDemonizer Terran 

Build Orders: Reaper Expand, MMM Bio 

Get SALT Encoding   

  12  0:03  SCV  
  13  0:15  SCV  
  13  0:18  Supply Depot  
  14  0:27  SCV  
  15  0:40  SCV  
  15  0:41  Barracks  
  16  0:45  Refinery  
  16  0:52  SCV  
  17  1:04  SCV  
  18  1:16  SCV  
  19  1:29  Orbital Command, Reaper  
  20  1:41  Command Center  
  20  1:51  Supply Depot  
  20  1:55  SCV  
  21  2:01  Barracks Reactor  
  21  2:07  SCV  
  22  2:17  Bunker  
  22  2:19  SCV  
  22  2:20  Refinery  
  22  2:21  Factory  
  23  2:31  SCV  
  24  2:38  Marine x2  
  24  2:43  SCV  
  27  2:54  Orbital Command  
  27  2:55  SCV  
  27  2:56  Marine x2  
  30  3:07  Starport, Factory Tech Lab, SCV  
  31  3:13  Marine  
  31  3:14  Marine  
  33  3:20  SCV x2  
  35  3:28  Supply Depot  
  35  3:29  Siege Tank  
  35  3:32  SCV x2  
  40  3:34  Marine  
  41  3:41  Marine  
  41  3:44  SCV  
  41  3:45  Medivac  
  41  3:47  SCV  
  46  3:51  Supply Depot  
  47  3:56  SCV  
  47  3:59  SCV  
  47  4:02  Supply Depot  
  50  4:08  SCV  
  49  4:11  SCV  
  49  4:12  Factory Reactor  
  49  4:14  Barracks x2  
  49  4:16  Stimpack  
  50  4:21  SCV  
  50  4:23  SCV  
  52  4:24  Marine  
  52  4:25  Supply Depot  
  52  4:27  Starport Reactor  
  53  4:33  SCV  
  53  4:35  SCV, Engineering Bay  
  55  4:42  Marine  
  55  4:43  Refinery  
  55  4:45  SCV  
  57  4:47  SCV  
  58  4:57  SCV  
  58  4:59  SCV, Barracks  
  60  5:00  Barracks, Marine  
  60  5:03  Factory Reactor  
  60  5:05  Medivac x2, Marine x2  
  67  5:08  Marine  
  67  5:09  SCV, Marine  
  67  5:14  SCV, Supply Depot  
  71  5:18  Refinery  
  71  5:21  SCV  
  71  5:23  Marine  
  71  5:26  SCV  
  71  5:27  Terran Infantry Weapons Level 1, Supply Depot  
  74  5:29  Marine  
  74  5:33  Marine x2  
  74  5:34  SCV  
  78  5:36  Supply Depot  
  78  5:38  Medivac  
  78  5:39  Marine  
  78  5:42  Medivac  
  83  5:43  Marine  
  83  5:48  Barracks Reactor  
  84  5:53  Barracks Reactor  
  84  5:58  Marine x3  
  84  6:00  Supply Depot  
  84  6:02  Widow Mine x2, Marine x2  
  93  6:06  Supply Depot  
  93  6:14  Medivac  
  93  6:16  Marine x3, Combat Shields  
  98  6:19  Marine  
  98  6:20  Marine  
  98  6:25  Medivac, Supply Depot  
  102  6:26  Supply Depot, Marine x2  
  102  6:30  Marine x2  
  102  6:32  Widow Mine  
  108  6:34  Widow Mine, Marine  
  108  6:39  Marine x3  
  112  6:49  Marine  
  112  6:50  Marine x2  
  97  7:04  Marine x2  
  97  7:05  Marine x3  
  97  7:06  Marine x2  
  97  7:07  Marine x2  
  75  7:19  Orbital Command  
  67  7:23  Marine x5  
  67  7:24  Marine x2  
  67  7:25  Marine  
  67  7:26  Marine  
  71  7:39  SCV  
  71  7:40  Marine x2  
  71  7:42  Marine  
  75  7:45  SCV  
  75  7:50  Marine  
  77  7:51  SCV  
  77  7:57  SCV, Marine  
  80  8:02  Marine  
  80  8:03  SCV, Marine  
  83  8:05  Marine  
  83  8:09  SCV  
  74  8:21  Marine x4  
  61  8:27  Marine  
  61  8:31  Marine x4  
  62  8:38  Marine  
  63  8:46  Marine x4  
  67  8:49  Marine x2  
  69  8:56  Marine x2  
  71  9:07  Marine x6  
  71  9:08  Marine  
  73  9:13  Marine  
  73  9:14  Marine  
  73  9:16  Widow Mine x2  
  75  9:19  Medivac  
  75  9:21  Medivac  
  83  9:25  Marine x3  
  83  9:26  Marine  
  83  9:30  Marine  
  88  9:32  Marine x4  
  92  9:40  Supply Depot  
  92  9:47  Marine  
  92  9:48  Marine x3  
  92  9:49  Marine  
  92  9:50  Marine x2  
  99  9:54  Marine  
  99  9:55  Marine  
  90  10:05  Marine  
  89  10:07  Marine  
  89  10:08  Widow Mine  
  89  10:09  Medivac x2  
  89  10:13  Marine  
  97  10:24  Marine x2  
  97  10:25  Marine x4  
  98  10:41  Widow Mine x2, Marine  
  98  10:42  Medivac  
  99  10:47  Liberator  
  85  10:58  Marine  
  85  11:00  Marine  
  85  11:02  Marine  
  85  11:03  Marine x3, Marauder  
  85  11:04  Marine x2  
  85  11:21  Marine  
Tags
 
Add a new tag
Caveats
  • Supply blocks, unpowered buildings, or Contaminate may cause inaccurate times.
  • Supply counts are checked every 10 seconds.